← All builds
Suicide front / Armada / Factory first / OBSERVED BUILD

Standard suicide front

Armada Suicide front build order · Supreme Isthmus

The role's baseline: Bot Lab at 0:21 then straight into reclaim-fed T1 bot production to contest the middle and hold until T2 arrives, with an Advanced Metal Extractor around 9:45.

#rush · 2038 distinct matches · 233 players · 72% of Armada Suicide front games · team won 59% of 2418 · Recently observed

HOW TO PLAY IT

Key timing: Bot Lab by 0:20

  1. Open with mex and lab-first to get Bot Lab up by 0:20.
  2. Expand mex and wind while lab pumps units toward middle.
  3. Push Sentry and early Rocketeer, Centurion to contest middle.
  4. Get T2 constructor out once Pond's boost lets you spare metal.
  5. Upgrade mex to Advanced Metal Extractor as you transition off T1 spam.

Phase by phase

TYPICAL OF ITS 2038 GAMES
  1. 1
  2. 2
  3. 3
PLAY THE OPENING

Follow the example game's first 6:00 step by step: what to build now, what comes next, and where it goes. At 1× it keeps pace with your own game.

  1. 1

    Bot Lab first

    Order
    1. Bot LabBot Lab done ~0:24, middle half 0:20–0:33

    Some games also: mex (44%)

  2. 2

    Bot Lab to 5:00

    Economy
    • Metal Extractor5Mex
    • Wind Turbine4Wind
    Builders
    • Construction Bot3 Con bot
    • Lazarus2 Lazarus
    Army
    • Sentry4 Sentry
    • Rocketeer16 Rocketeer
    • Tick2 Tick
    • Centurion1 Centurion
    Other
    • Radar Tower1 Radar Tower

    Some games also: pawn (38%) · con turret (34%)

    By 5:00 in all: 5 mex · 4 wind

    The example game in this phase · 41 steps
    1. Construction BotCon bot ×4
    2. Wind
    3. LazarusLazarus
    4. Mex
    5. SentrySentry
    6. CenturionCenturion
    7. Wind ×2
    8. Mex
    9. LazarusLazarus
    10. BeamerBeamer
    11. Dragon's TeethDragon's Teeth ×3
    12. CenturionCenturion
    13. Dragon's TeethDragon's Teeth ×2
    14. Wind
    15. RocketeerRocketeer
    16. Wind
    17. RocketeerRocketeer ×3
    18. Wind
    19. RocketeerRocketeer
    20. TickTick
    21. Dragon's TeethDragon's Teeth
    22. LazarusLazarus
    23. Dragon's TeethDragon's Teeth
    24. BeamerBeamer
    25. Dragon's TeethDragon's Teeth
    26. Mex
    27. Wind
    28. RocketeerRocketeer ×2
    29. Radar TowerRadar Tower
    30. Wind
    31. RocketeerRocketeer ×2
    32. Radar TowerRadar Tower
    33. RocketeerRocketeer
    34. Con turret
    35. TickTick
    36. Dragon's TeethDragon's Teeth
    37. LazarusLazarus
    38. Dragon's TeethDragon's Teeth ×5
    39. RocketeerRocketeer
    40. Dragon's TeethDragon's Teeth ×3
    41. RocketeerRocketeer
  3. 3

    5:00 to 10:00

    Economy
    • Metal Extractor1Mex
    • Wind Turbine15Wind
    Builders
    • Construction Turret2 Con turret
    • Lazarus2 Lazarus
    • Construction Bot1 Con bot
    Army
    • Sentry1 Sentry
    • Rocketeer8 Rocketeer

    Some games also: pawn (49%) · Radar Tower (46%) · tick (45%) · centurion (44%) · energy storage (43%) · eat Bot Lab (31%)

    By 10:00 in all: 6 mex · 21 wind · 1 energy storage · 2 con turret

    The example game in this phase · 102 steps
    1. RocketeerRocketeer ×3
    2. TickTick
    3. LazarusLazarus
    4. Energy storage
    5. RocketeerRocketeer ×3
    6. Wind
    7. RocketeerRocketeer
    8. Wind
    9. RocketeerRocketeer
    10. Wind
    11. LazarusLazarus
    12. Wind
    13. Mex
    14. LazarusLazarus
    15. TickTick
    16. Wind
    17. TickTick
    18. Wind
    19. TickTick ×2
    20. Wind
    21. TickTick ×2
    22. Wind
    23. TickTick
    24. Radar TowerRadar Tower
    25. TickTick
    26. Con turret
    27. TickTick ×3
    28. LazarusLazarus
    29. Advanced Metal ExtractorT2 mexdone 8:15 · typical 9:46
    30. Con turret
    31. TickTick
    32. SentrySentry
    33. PawnPawn ×2
    34. SentrySentry
    35. PawnPawn ×2
    36. Advanced Metal ExtractorT2 mex
    37. PawnPawn
    38. SentrySentry
    39. PawnPawn ×4
    40. Sneaky PeteSneaky Pete
    41. PawnPawn ×3
    42. Advanced Metal ExtractorT2 mex
    43. PawnPawn
    44. Construction BotCon bot ×5
    45. PawnPawn ×6
    46. TickTick ×15
    47. Advanced Metal ExtractorT2 mex
    48. TickTick ×13
    49. Bot LabBot Labdone 11:52
    50. TickTick ×8
    51. Con turret
    52. TickTick ×9
    53. Con turret
    54. TickTick ×2
    55. RattlesnakeRattlesnakedone 12:57
    56. TickTick ×13
    57. Fortification WallFortification Wall
    58. TickTick ×4
    59. Fortification WallFortification Wall
    60. TickTick ×2
    61. Fortification WallFortification Wall
    62. TickTick ×2
    63. Fortification WallFortification Wall
    64. TickTick ×2
    65. Fortification WallFortification Wall
    66. TickTick
    67. Fortification WallFortification Wall
    68. TickTick ×2
    69. Fortification WallFortification Wall
    70. TickTick ×2
    71. Fortification WallFortification Wall
    72. TickTick ×23
    73. LazarusLazarus
    74. TickTick ×2
    75. Metal storage
    76. LazarusLazarus
    77. TickTick ×2
    78. Fortification WallFortification Wall
    79. TickTick
    80. Fortification WallFortification Wall ×2
    81. TickTick
    82. LazarusLazarus
    83. TickTick
    84. Fortification WallFortification Wall ×2
    85. TickTick
    86. Fortification WallFortification Wall
    87. LazarusLazarus
    88. TickTick
    89. Fortification WallFortification Wall
    90. TickTick
    91. LazarusLazarus
    92. TickTick ×2
    93. LazarusLazarus
    94. TickTick ×2
    95. LazarusLazarus
    96. TickTick ×2
    97. LazarusLazarus
    98. TickTick
    99. Con turret
    100. RattlesnakeRattlesnake
    101. TickTick
    102. LazarusLazarus

Counts are medians over the build's games: half of them build more, half fewer. The example game is xabre's (46 OS, 13/10/2026); pick another.

Team trades

IN AT LEAST 30% OF ITS GAMES

You hand over

Nothing regular.

You get

  • Tidal Generator4 Tidal from Pondfirst at 0:11 · in 68% of games
  • Advanced Construction Bot1 T2 con bot from Geo or Techfirst at 7:41 · in 57% of games

How it plays out

Typical game of this build, running totals by minute

Metal produced

010k20k
0:005:0010:0015:00

metal

Enemy metal destroyed

05k10k
0:005:0010:0015:00

metal

Own metal lost

05k10k
0:005:0010:0015:00

metal

2418 games.

Show as table
ByMetal produced: This buildEnemy metal destroyed: This buildOwn metal lost: This build
1:0023000
2:0088700
3:002009184130
4:003109644501
5:0041821350999
6:00534721831707
7:00653930542589
8:00775539383499
9:00904046924371
10:001041053125156
11:001188858565965
12:001357864016685
13:001539668707455
14:001730275038213
15:001925781138994
WHAT THE NUMBERS SAY

Standard Suicide front play wins a bit over half its games while taking the heaviest own losses of any role by 15:00.

  • + Produces 20142 metal by 15:00, highest of the front roles.
  • + First kill by 2:01 in all games, fastest contest of middle.
  • − Own metal lost hits 9178 by 15:00, more than enemy metal destroyed.
  • − Only 34% Rocketeer share shows army spread thin across many bot types.
THE EXAMPLE YOU ARE READING

xabre

46.3 OS · 13/10/2026

Open source match ↗

20 received units · includes a constructor
152 metal received · 100698 energy received

Allied construction assistance is unknown. Timings are observations, not a promise of solo reproducibility.

Typical milestones

Bot Lab0:24Middle 50%: 0:20–0:33 · n=2410
Advanced Metal Extractor9:46Middle 50%: 8:50–10:58 · n=1749

Played most by

_X_264games of this buildPlatinumBlonde188games of this buildXad166games of this buildTrapCaT109games of this buildSoliloqueur81games of this build